 Dungeon Crawl Stone Soup version 0.30-a0-1116-gebefce21f7 (webtiles) character file.

Game seed: 2622628487861914342

1886 avis the Trooper (level 8, -7/66 (67) HPs)
             Began as a Demigod Transmuter on Apr 22, 2023.
             Succumbed to a wight's poison
             ... on level 7 of the Dungeon.
             The game lasted 00:52:20 (7938 turns).

avis the Trooper (Demigod Transmuter)               Turns: 7938, Time: 00:52:21

HP:   -7/66 (67)    AC:  2    Str: 11    XL:     8   Next: 61%
MP:   15/17         EV: 24    Int: 15    God:
Gold: 129           SH:  0    Dex: 27    Spells: 5/15 levels left

rFire   . . .      SeeInvis +    b - melded +1 sling (drain)
rCold   . . .      Faith    .    (shield currently unavailable)
rNeg    . . .      Spirit   .    q - melded +0 robe
rPois   x          Reflect  .    y - melded +0 helmet
rElec   .          Rampage  .    (cloak currently unavailable)
rCorr   .                        A - melded +1 pair of gloves
Will    +....                    r - melded +0 pair of boots
Stlth   ++                       (no amulet)
HPRegen 0.31/turn                c - ring of willpower
MPRegen 0.15/turn                D - ring of see invisible

@: lethally poisoned (-7 -> -64), spider-form (expiring), flying, lightly
drained
A: venomous fangs, tiny, high MP 1, forlorn, divine attributes
a: End Transformation


You were on level 7 of the Dungeon.
You were a venomous arachnid creature.
You visited 2 branches of the dungeon, and saw 8 of its levels.

You collected 288 gold pieces.
You spent 159 gold pieces at shops.

Inventory:

Hand Weapons
 a - a +2 short sword of draining
 b - a +1 sling of draining (melded)
 C - a +0 flail of protection
 E - a +0 glaive of venom
 F - a +4 short sword of speed
 I - a +5 dagger of draining
 J - a +3 great sword of freezing
Missiles
 v - a throwing net
 x - 2 poisoned darts
Armour
 q - a +0 robe (melded)
 r - a +0 pair of boots (melded)
 y - a +0 helmet (melded)
 A - a +1 pair of gloves (melded)
 G - a +3 leather armour of cold resistance
Jewellery
 c - a ring of willpower (left front pincers)
 D - a ring of see invisible (right front pincers)
Wands
 B - a wand of flame (14)
 H - a wand of polymorph (6)
Scrolls
 f - 3 scrolls of poison
 g - 2 scrolls of immolation {unknown}
 h - a scroll of amnesia {unknown}
 i - 2 scrolls of teleportation
 j - a scroll of fear
 m - 2 scrolls of fog {unknown}
 n - 2 scrolls of enchant armour {unknown}
 u - 2 scrolls of enchant weapon {unknown}
 w - 3 scrolls of identify {unknown}
Potions
 d - 2 potions of flight
 e - a potion of berserk rage {unknown}
 k - 3 potions of lignification
 l - 3 potions of heal wounds {unknown}
 o - 2 potions of magic {unknown}
 p - a potion of resistance {unknown}
 s - a potion of curing {unknown}
 t - a potion of attraction {unknown}
 z - a potion of mutation {unknown}


   Skills:
 * Level 4.6 Fighting
 - Level 2.0 Ranged Weapons
 * Level 4.6 Dodging
 * Level 4.5 Unarmed Combat
 - Level 4.0 Spellcasting
 - Level 4.0 Transmutations
 - Level 4.0 Ice Magic
 - Level 2.0 Poison Magic


You had 5 spell levels left.
You knew the following spells:

 Your Spells              Type           Power      Damage    Failure   Level
a - Beastly Appendage     Tmut           30%        N/A       12%         1
e - Wereblood             Tmut           15%        N/A       16%         2
p - Spider Form           Tmut/Pois      12%        N/A       34%         3
q - Ice Form              Ice/Tmut       15%        N/A       56%         4

Your spell library contained the following spells:

 Spells                   Type           Power      Damage    Failure   Level
 Apportation              Tloc           6%         N/A       38%         1
 Necrotise                Necr           12%        1d4       38%         1
 Summon Small Mammal      Summ           12%        N/A       38%         1
 Stone Arrow              Conj/Erth      6%         3d7       69%         3
 Tukima's Dance           Hex            3%         N/A       69%         3
 Animate Armour           Summ/Erth      6%         N/A       96%         4
 Passage of Golubria      Tloc           3%         N/A       96%         4
 Yara's Violent Unravell  Hex/Tmut       4%         3d4       98%         5
 Lehudib's Crystal Spear  Conj/Erth      1%         10d2      100%        8


Dungeon Overview and Level Annotations

Branches:
Dungeon (7/15)             Temple (1/1) D:4

Shops:
D:3 (?

Annotations:
D:5 3 runed translucent doors, dufus's ghost, novice GnMo


Innate Abilities, Weirdness & Mutations

You are a venomous arachnid creature.
You have venomous fangs.
You are tiny and dextrous.
Your spellcasting is less reliable in this form.
Your armour is entirely melded.
You are incapable of wielding weapons or throwing items.
You have an increased reservoir of magic. (+10% MP)
You shall have no god before yourself.
Your divine heritage dramatically boosts your attributes as you level up.


Message History

You turn into a venomous arachnid creature.
Your +1 sling of draining melds into your body.
Your +0 helmet melds into your body.
Your +1 pair of gloves melds into your body.
Your +0 pair of boots melds into your body.
Your +0 robe melds into your body.
You climb downwards.
The wight completely misses you.
The wight hits you with a +2 dire flail of venom.
You feel drained.
You are poisoned.
There is a stone staircase leading up here.
You barely miss the wight.
You feel very sick. The wight misses you.
You hit the wight but do no damage.
You feel very sick.
The wight hits you with a +2 dire flail of venom!
You are more poisoned.
You hit the wight.
The wight is moderately damaged.
You feel extremely sick. The wight closely misses you.
You hit the wight but do no damage.
The wight is moderately damaged.
You feel extremely sick.
You barely miss the wight.
The wight is moderately damaged.
You feel very sick. The wight completely misses you.
You hit the wight but do no damage.
The wight is moderately damaged.
You feel very sick.
The wight hits you with a +2 dire flail of venom!
* * * LOW HITPOINT WARNING * * *
You are more poisoned.
It was a potion of flight.
You feel very buoyant.
You fly up into the air.
Your transformation is almost over.
You die...

### #.. #.#
#.#
##.#######
#.....[sz#
#..#####.#
#..# #.# #..#
#.# #.z# #..
### #..# ##.
##.## #.z. .#
##.#.#####.#.
.#
#.###......#.
.#


You could see a wight.

Vanquished Creatures
  Duvessa (D:6)
  A black bear (D:6)
  2 ice beasts
  3 ogres
  Blork the orc (D:6)
  3 bullfrogs (D:6)
  2 scorpions (D:5)
  3 wights
  Dowan (D:6)
  A bullfrog zombie (D:5)
  A centaur zombie (D:5)
  3 orc priests (D:6)
  2 sleepcaps
  3 hounds
  An iguana (D:5)
  4 orc wizards
  11 adders
  4 gnolls (D:6)
  A white imp (D:5)
  An ufetubus (D:6)
  A worm (D:5)
  5 dart slugs
  17 orcs
  5 endoplasms
  5 giant cockroaches
  7 goblins
  10 hobgoblins
  3 jackals (D:2)
  2 quokkas
  6 ball pythons
  3 bats
  3 frilled lizards (D:2)
  7 kobolds
  5 rats
128 creatures vanquished.

Vanquished Creatures (others)
  A plant (D:7)
1 creature vanquished.

Grand Total: 129 creatures vanquished

Notes
Turn   | Place    | Note
-------+----------+-------------------------------------------
     0 | D:1      | avis the Demigod Transmuter began the quest for the Orb.
     0 | D:1      | Reached XP level 1. HP: 15/15 MP: 5/5
    33 | D:1      | Reached skill level 1 in Fighting
   362 | D:1      | Reached XP level 2. HP: 24/24 MP: 5/7
  1207 | D:2      | Reached skill level 1 in Poison Magic
  1228 | D:2      | Reached XP level 3. HP: 19/29 MP: 6/8
  1240 | D:2      | Learned a level 2 spell: Wereblood
  1244 | D:2      | Learned a level 3 spell: Spider Form
  1720 | D:3      | Found Neh Mun's Antique Weapon Emporium.
  1737 | D:3      | Bought a glowing sling for 103 gold pieces
  2275 | D:3      | Found Gogol's Magic Scroll Shop.
  2278 | D:3      | Bought a scroll of noise for 14 gold pieces
  2278 | D:3      | Bought a scroll of teleportation for 42 gold pieces
  2793 | D:4      | Reached XP level 4. HP: 32/36 MP: 9/9
  3028 | D:4      | Found a staircase to the Ecumenical Temple.
  3044 | Temple   | Entered the Ecumenical Temple
  3314 | D:4      | Reached XP level 5. HP: 28/41 MP: 10/10
  3843 | D:4      | Noticed an ogre
  3852 | D:4      | Killed an ogre
  3853 | D:4      | Reached XP level 6. HP: 50/50 MP: 7/11
  4042 | D:5      | Entered Level 5 of the Dungeon
  4394 | D:5      | Reached skill level 1 in Ranged Weapons
  4675 | D:5      | Found a runed translucent gate.
  4675 | D:5      | Found a runed translucent gate.
  4675 | D:5      | Found a runed translucent gate.
  4675 | D:5      | Noticed dufus's ghost (novice GnMo)
  4883 | D:5      | Reached XP level 7. HP: 57/57 MP: 14/14
  6091 | D:6      | Noticed Blork the orc
  6457 | D:6      | Killed Blork the orc
  6458 | D:6      | Reached skill level 1 in Ice Magic
  6479 | D:6      | Learned a level 4 spell: Ice Form
  6711 | D:6      | Reached XP level 8. HP: 65/66 MP: 11/15
  6717 | D:6      | Noticed Duvessa
  6759 | D:6      | Killed Duvessa
  6760 | D:6      | Noticed Dowan
  6775 | D:6      | Killed Dowan
  7938 | D:7      | Succumbed to a wight's poison

Illustrated notes

Levels and vault maps discovered:
D:1:      scummos_arrival_forest, layout_rooms, grunt_decor_clamped
D:2:      layout_rooms, hangedman_abyss_or_decor_stabs
D:3:      layout_basic, lemuel_doored_altar, mainiacjoe_overflow_catwalk_spiral,
          serial_shops, nicolae_shop_rolled_up, nicolae_shop_getting_attention
D:4:      layout_basic, nicolae_kikubaaqudgha_miasma_corner,
          nicolae_qazlal_eye_of_the_storm, mainiacjoe_overflow_alcove_4,
          mainiacjoe_overflow_surrounded_room, minmay_temple_entry_glass,
          minmay_distorted
D:5:      layout_layer_cave, okawaru_gym_becter,
          nicolae_yredelemnul_ghost_church, grunt_dithmenos_smoke,
          minmay_checkerbox
D:6:      layout_loops_corners, mainiacjoe_overflow_boulevard,
          patterned_corridor, uniq_blork_the_orc, uniq_duvessa
D:7:      layout_loops_ring, serial_bayou, serial_bayou_shore_b,
          serial_bayou_pond_e, serial_bayou_shore_a, serial_bayou_pond_a,
          st_stairs_5, uniq_pikel, uniq_menkaure
Temple:   hellmonk_temple_two_chambers

Skill      XL: |  1  2  3  4  5  6  7  8 |
---------------+-------------------------+-----
Fighting       | 2 3 4 |  4.6
Dodging        | 2 3 4 |  4.6
Spellcasting   | 2 3 4 |  4.0
Transmutations | 2 3 4 |  4.0
Poison Magic   | 1 2 |  2.0
Unarmed Combat | 3 4 |  4.5
Ranged Weapons | 2 |  2.0
Ice Magic      | 3 4 |  4.0

Action                     |  1- 3 |  4- 6 |  7- 9 || total
---------------------------+-------+-------+-------++-------
  Melee: Unarmed           |    69 |    85 |   159 ||   313
         Kick              |    10 |     2 |       ||    12
         Headbutt          |     9 |     1 |       ||    10
         Short sword       |    10 |    18 |       ||    28
   Fire: Sling             |    65 |    35 |    45 ||   145
   Cast: Beastly Appendage |    22 |     6 |       ||    28
         Spider Form       |     4 |    14 |    19 ||    37
Ability: End Transformatio |       |       |     1 ||     1
    Use: Scroll            |       |     2 |       ||     2
         Potion            |       |       |     1 ||     1
   Stab: Sleeping          |       |     1 |       ||     1
 Armour: Robe              |    18 |     7 |     2 ||    27
         Skin              |       |     8 |     1 ||     9
  Dodge: Dodged            |    73 |   105 |   157 ||   335

Table legend: (Time is in decaauts)
 A = Elapsed time spent in this place.
 B = Non-inter-level travel time spent in this place.
 C = Inter-level travel time spent in this place.
 D = Time resting spent in this place.
 E = Time spent auto-exploring this place.
 F = Levels seen in this place.
 G = Mean time per level.
                   A        B        C        D        E       F      G
               +--------+--------+--------+--------+--------+-----+--------+
         Total |   7970 |   7325 |    645 |   1587 |   3831 |   8 |  996.2 |
       Dungeon |   7934 |   7289 |    645 |   1587 |   3831 |   7 | 1133.4 |
        Temple |     35 |     35 |      0 |      0 |      0 |   1 |   35.0 |
               +--------+--------+--------+--------+--------+-----+--------+

Top non-repeatable levels by time:
     D:6: 1824 daAuts
     D:5: 1756 daAuts
     D:4: 1436 daAuts
     D:3: 1197 daAuts
     D:2: 1091 daAuts
     D:1: 570 daAuts
     D:7: 56 daAuts
  Temple: 35 daAuts
